 Dungeon Crawl Stone Soup version 0.18.1-50-g88ac8fd (webtiles) character file.

9190 magog001 the Blocker (level 11, -2/94 (95) HPs)
             Began as a Minotaur Fighter on Feb 13, 2018.
             Was a Believer of Nemelex Xobeh.
             Engulfed by an ice statue's freezing vapour (12 damage)
             ... in an ice cave on Feb 17, 2018.
             The game lasted 00:50:38 (8710 turns).

magog001 the Blocker (Minotaur Fighter)             Turns: 8710, Time: 00:50:39

HP:   -2/94 (95)    AC: 18    Str: 30    XL:     11   Next: 19%
MP:   10/10         EV: 13    Int:  5    God:    Nemelex Xobeh [**....]
Gold: 783           SH:  0    Dex: 14    Spells: 0 memorised, 10 levels left

rFire  . . .     SeeInvis +     q - +2 spear (vamp)
rCold  . . .     Gourm    .     I - +1 chain mail "Yshro" {-Cast MR+ rCorr Dex+3}
rNeg   . . .     Faith    .     c - +0 shield
rPois  .         Spirit   .     (helmet restricted)
rElec  .         Dismiss  .     w - +0 cloak
rCorr  +         Reflect  .     k - +0 pair of gloves
SustAt .         Harm     .     t - +1 pair of boots
MR     +....     NoCast   +     E - amulet of magic regeneration
Stlth  ..........               J - +5 ring of strength
                                D - ring of see invisible

@: confused, somewhat resistant to hostile enchantments, extremely unstealthy
A: retaliatory headbutt, horns 2, strong 1, sturdy frame 1
a: Renounce Religion


You were in an ice cave.
You worshipped Nemelex Xobeh.
Nemelex Xobeh was pleased with you.
You were hungry.

You visited 3 branches of the dungeon, and saw 11 of its levels.
You also visited: Ice Cave.

You collected 783 gold pieces.

Inventory:

Hand Weapons
 i - a +0 blowgun
 q - a +2 vampiric spear (weapon)
 P - a +1 hunting sling of evasion
Missiles
 o - 42 sling bullets
 v - 33 poisoned needles
 z - a tomahawk (quivered)
 A - 4 steel tomahawks
Armour
 c - a +0 shield (worn)
 k - a +0 pair of gloves (worn)
 t - a +1 pair of boots (worn)
 w - a +0 cloak (worn)
 I - the +1 chain mail "Yshro" (worn) {-Cast MR+ rCorr Dex+3}
   (You found it on level 7 of the Dungeon)

   It affects your dexterity (+3).
   It affects your resistance to hostile enchantments.
   It prevents spellcasting.
   It protects you from acid and corrosion.
 Q - a +0 cloak
Magical Staves
 K - an uncursed staff of conjuration
Jewellery
 B - an uncursed ring of protection from magic
 D - a ring of see invisible (left hand)
 E - an amulet of magic regeneration (around neck)
 F - an uncursed ring of stealth
 J - a +5 ring of strength (right hand)
Wands
 H - a wand of iceblast (5/15)
 O - a wand of iceblast (10/15)
 T - a wand of hasting (1/9)
Scrolls
 g - a scroll of blinking
 h - a scroll of amnesia
 j - a scroll of fear
 m - a scroll of recharging
 n - 4 scrolls of identify
 s - 3 scrolls of teleportation
 y - 3 scrolls of remove curse
Potions
 a - a potion of lignification
 d - a potion of might
 e - 3 potions of brilliance
 l - a potion of flight
 p - 2 potions of ambrosia
 x - a potion of heal wounds {unknown}
 C - 2 potions of invisibility {unknown}
 M - a potion of cure mutation {unknown}
 U - a potion of haste {unknown}
 V - a potion of curing {unknown}
Miscellaneous
 b - a plain deck of destruction {drawn: 5}
 f - a plain deck of escape {drawn: 1}
 G - a plain deck of war
Comestibles
 r - 5 beef jerkies
 u - 5 meat rations
 N - a bread ration


   Skills:
 * Level 8.8 Fighting
   Level 2.7(6.0) Axes
 * Level 8.4(8.6) Polearms
 * Level 10.1 Armour
 + Level 6.8 Dodging
 + Level 1.1 Stealth
 * Level 12.5 Shields
 + Level 0.3 Evocations


You had 10 spell levels left.
You didn't know any spells.

Dungeon Overview and Level Annotations

Branches:
Dungeon (9/15)             Temple (1/1) D:6             Orc (1/2) D:9
   Lair: D:8-11

Altars:
Ashenzari
Dithmenos
Fedhas
Gozag
Kikubaaqudgha
Makhleb
Nemelex Xobeh
Okawaru
Pakellas
Qazlal
Ru
Sif Muna
Vehumet
Xom
Yredelemnul
Zin
The Shining One

Annotations:
IceCv exclusion: ice statue


Innate Abilities, Weirdness & Mutations

You reflexively headbutt those who attack you in melee.
You have a pair of horns on your head.
Your muscles are strong. (Str +2)
Your movements are slightly less encumbered by armour (ER -2).


Message History

The ice statue is heavily damaged.
You are engulfed in freezing vapours.
* * * LOW HITPOINT WARNING * * *
The ice statue gestures.
Drink which item? (? for menu, Esc to quit)
Really become a tree while standing in a cloud of freezing vapour?
Okay, then.
You're standing in a cloud of freezing vapour!
You hit the ice statue.
You headbutt the ice statue, but do no damage.
The ice statue is severely damaged.
You are engulfed in freezing vapours.
* * * LOW HITPOINT WARNING * * *
You block the ice beast's attack.
Drink which item? (? for menu, Esc to quit)
It was a potion of ambrosia.
You are confused.
You feel invigorated.
You are engulfed in freezing vapours.
You die...
Your body disappears without a glow.

##...# #...## ##..#
##.## ########
####..####.#....##
.#.##..##.....#..##
#.#.##..##..####§.#
.#..#÷...##..###§Y#
#.##.#..###..##Y@.#
#####..####...##§8.#
##..####...####...#
#...##...### .###
#..##...## #.
#......## ..
##...### ## #####


You could see an ice statue and 2 ice beasts.

Vanquished Creatures
  A hill giant (D:9)
  Pikel (D:6)
  Joseph (D:8)
  Psyche (D:8)
  2 trolls
  A two-headed ogre (D:9)
  3 polar bears (IceCv)
  Prince Ribbit (D:9)
  The ghost of Grimoiregrey the Ducker, an amateur TrFi (D:3)
  2 yaks (IceCv)
  2 hungry ghosts (D:7)
  A hippogriff (D:8)
  A steam dragon (D:9)
  A warg (Orc:1)
  2 slaves (D:6)
  A water moccasin (D:4)
  An orc warrior (D:8)
  3 ice beasts
  2 necrophages
  2 black bears (D:8)
  3 sky beasts
  3 ogres
  2 iguanas
  2 phantoms
  3 wolves
  2 centaurs
  Blork the orc (D:6)
  A big kobold (D:9)
  4 giant frogs
  6 scorpions
  15 wights
  7 howler monkeys
  3 crimson imps
  A centaur zombie (D:8)
  A giant frog zombie (D:5)
  3 jellies
  9 orc wizards
  A giant frog skeleton (D:8)
  2 orc priests
  7 hounds
  Crazy Yiuf (D:3)
  2 centaur skeletons
  3 worker ants
  A killer bee zombie (D:6)
  3 sheep (D:9)
  A hound zombie (D:7)
  3 hound skeletons
  6 adders
  3 shadow imps
  12 white imps (Orc:1)
  An ooze (D:4)
  4 worms
  4 dart slugs
  8 giant geckos
  25 orcs
  3 ball pythons
  3 giant cockroaches
  8 goblins
  8 hobgoblins
  14 jackals
  14 kobolds
  2 quokkas
  11 bats
  2 giant gecko zombies
  4 giant newts
  A jackal skeleton (D:6)
  A quokka skeleton (D:6)
  7 rats
261 creatures vanquished.

Vanquished Creatures (others)
  A yak (IceCv)
  2 slaves (D:6)
  A worker ant (D:6)
  2 jackals (D:6)
6 creatures vanquished.

Grand Total: 267 creatures vanquished

Notes
Turn   | Place    | Note
--------------------------------------------------------------
     0 | D:1      | magog001 the Minotaur Fighter began the quest for the Orb.
     0 | D:1      | Reached XP level 1. HP: 19/19 MP: 0/0
   138 | D:1      | Reached XP level 2. HP: 27/27 MP: 1/1
   240 | D:1      | Reached skill level 4 in Shields
   617 | D:1      | Reached XP level 3. HP: 33/33 MP: 2/2
  1174 | D:2      | Found a radiant altar of Vehumet.
  1566 | D:3      | Found an iron altar of Okawaru.
  1661 | D:3      | Reached XP level 4. HP: 41/41 MP: 3/3
  1799 | D:3      | Noticed Grimoiregrey's ghost (amateur TrFi)
  1818 | D:3      | Killed Grimoiregrey's ghost
  1818 | D:3      | Reached skill level 5 in Armour
  1818 | D:3      | Reached skill level 1 in Dodging
  1818 | D:3      | Reached skill level 5 in Shields
  1818 | D:3      | Reached XP level 5. HP: 8/47 MP: 4/4
  2298 | D:3      | Noticed Crazy Yiuf
  2304 | D:3      | Killed Crazy Yiuf
  2514 | D:4      | Reached skill level 1 in Polearms
  2514 | D:4      | Reached XP level 6. HP: 37/53 MP: 5/5
  2537 | D:4      | Reached skill level 6 in Shields
  2855 | D:4      | Noticed a water moccasin
  2865 | D:4      | Killed a water moccasin
  2865 | D:4      | Reached skill level 5 in Fighting
  2865 | D:4      | Reached XP level 7. HP: 52/61 MP: 6/6
  3073 | D:5      | Entered Level 5 of the Dungeon
  3135 | D:5      | Found a glowing silver altar of Zin.
  3246 | D:5      | Found a burning altar of Makhleb.
  3247 | D:5      | Found a shadowy altar of Dithmenos.
  3247 | D:5      | Found a blossoming altar of Fedhas.
  3350 | D:5      | Found an iron altar of Okawaru.
  3393 | D:5      | Found an oddly glowing altar of Pakellas.
  3800 | D:5      | Reached skill level 7 in Shields
  4118 | D:6      | Reached XP level 8. HP: 65/69 MP: 7/7
  4310 | D:6      | Noticed Pikel
  4359 | D:6      | Killed Pikel
  4359 | D:6      | Reached skill level 8 in Shields
  4530 | D:6      | Noticed Blork the orc
  4541 | D:6      | Reached skill level 9 in Shields
  4541 | D:6      | Reached XP level 9. HP: 55/78 MP: 8/8
  4546 | D:6      | Killed Blork the orc
  5016 | D:6      | Found a staircase to the Ecumenical Temple.
  5034 | Temple   | Entered the Ecumenical Temple
  5059 | Temple   | Became a worshipper of Nemelex Xobeh the Trickster
  5156 | D:7      | Gained mutation: Your muscles are strong. (Str +2) [mutagenic meat]
  5157 | D:7      | Gained mutation: Your movements are slightly less encumbered by armour (ER -2). [mutagenic meat]
  5223 | D:7      | Reached skill level 5 in Dodging
  5292 | D:7      | Received a gift from Nemelex Xobeh
  5361 | D:7      | Reached skill level 5 in Polearms
  5390 | D:7      | Reached skill level 1 in Stealth
  5472 | D:7      | Got a distressingly furry chain mail
  5509 | D:7      | Identified the +1 chain mail "Yshro" {-Cast MR+ rCorr Dex+3} (You found it on level 7 of the Dungeon)
  5706 | D:7      | Reached skill level 10 in Shields
  6099 | D:8      | Noticed Joseph
  6138 | D:8      | Killed Joseph
  6153 | D:8      | Reached * piety under Nemelex Xobeh
  6155 | D:8      | Received a gift from Nemelex Xobeh
  6362 | D:8      | Noticed Psyche
  6371 | D:8      | Killed Psyche
  6371 | D:8      | Reached XP level 10. HP: 75/87 MP: 9/9
  6664 | D:8      | Reached skill level 11 in Shields
  7016 | D:9      | Noticed Prince Ribbit
  7083 | D:9      | Killed Prince Ribbit
  7135 | D:9      | Noticed a hill giant
  7153 | D:9      | Killed a hill giant
  7573 | D:9      | Found a deep blue altar of Sif Muna.
  7672 | D:9      | Found a shimmering altar of Xom.
  7672 | D:9      | Found a shimmering altar of Xom.
  7673 | D:9      | Found a shimmering altar of Xom.
  7673 | D:9      | Found a shimmering altar of Xom.
  7673 | D:9      | Found a shimmering altar of Xom.
  7676 | D:9      | Found a shimmering altar of Xom.
  7690 | D:9      | Found a shimmering altar of Xom.
  7701 | D:9      | Reached skill level 12 in Shields
  7799 | D:9      | Found a staircase to the Orcish Mines.
  7986 | Orc:1    | Entered Level 1 of the Orcish Mines
  8009 | Orc:1    | Reached XP level 11. HP: 81/94 MP: 10/10
  8013 | Orc:1    | Reached skill level 10 in Armour
  8079 | Orc:1    | Received a gift from Nemelex Xobeh
  8099 | Orc:1    | Reached ** piety under Nemelex Xobeh
  8099 | Orc:1    | Found a frozen archway.
  8172 | IceCv    | Entered an ice cave
  8710 | IceCv    | Engulfed by an ice statue's freezing vapour

Skill      XL: |  1  2  3  4  5  6  7  8  9 10 11 |
---------------+----------------------------------+-----
Shields        | 4 5 6 7 9 10 12 | 12.5
Armour         | 4 5 6 7 8 9 10 | 10.1
Fighting       | 4 5 6 7 8 |  8.8
Dodging        | 1 2 3 4 6 |  6.8
Polearms       | 1 2 4 6 8 |  8.4
Stealth        | 1 |  1.1
Axes           | |  2.7
Evocations     | |  0.3

Action                   |  1- 3 |  4- 6 |  7- 9 | 10-12 || total
-------------------------+-------+-------+-------+-------++-------
Melee: War axe           |    57 |       |       |       ||    57
       Headbutt          |    19 |    28 |   117 |   117 ||   281
       Spear             |    27 |   134 |   457 |   361 ||   979
Throw: Tomahawk          |       |       |     1 |       ||     1
Evoke: Deck              |       |       |     1 |     5 ||     6
       Wand              |       |       |       |     1 ||     1
  Use: Potion            |       |     1 |     4 |     2 ||     7
       Scroll            |       |       |    12 |     3 ||    15
  Eat: Chunk             |     1 |     4 |     4 |     6 ||    15
       Bread ration      |     1 |       |     3 |       ||     4
       Beef jerky        |     1 |       |     1 |       ||     2
       Meat ration       |       |       |     1 |       ||     1
       Pizza             |       |       |       |     1 ||     1
Armor: Scale mail        |    45 |    62 |    39 |       ||   146
       Troll leather arm |       |       |    65 |       ||    65
       Chain mail        |       |       |    20 |   111 ||   131
       Skin              |       |       |    16 |    20 ||    36
Dodge: Dodged            |    26 |    22 |   137 |   107 ||   292
Block: Shield            |    48 |    68 |   238 |   245 ||   599
